 Dungeon Crawl Stone Soup version 0.15-a0-1501-gfb1f079 (console) character file.

15752 Hector the Bludgeoner (level 12, -6/92 HPs)
             Began as a Minotaur Gladiator on June 13, 2014.
             Was the Champion of Cheibriados.
             Killed from afar by Psyche (12 damage)
             ... with a wand of lightning
             ... on Level 3 of the Lair of Beasts on June 14, 2014.
             The game lasted 01:09:07 (11599 turns).

Hector the Bludgeoner (Minotaur Gladiator)         Turns: 11599, Time: 01:09:08

HP  -6/92        AC 22     Str 37      XL: 12   Next:  4%
MP  18/18        EV 11     Int 20      God: Cheibriados [******]
Gold 775         SH 22     Dex 29      Spells:  0 memorised, 11 levels left

rFire  . . .     SeeInvis +     a - +1 flail
rCold  . . .     Clarity  .     d - +2 plate armour
rNeg   . . .     rCorr    .     i - +0 large shield
rPois  .         rRot     .     h - +1 hat
rElec  .         Spirit   .     e - +1 cloak {+Inv}
SustAb .         Warding  .     g - +2 pair of gloves
rMut   .         Stasis   .     (no boots)
Gourm  .                        (no amulet)
MR     +....                    H - ring of protection from magic
                                u - ring of see invisible

@: very slow, somewhat resistant to hostile enchantments, extremely unstealthy
A: retaliatory headbutt, horns 2
a: Bend Time, Temporal Distortion, Slouch, Step From Time, Renounce Religion,
Evoke Invisibility


You were on level 3 of the Lair of Beasts.
You worshipped Cheibriados.
Cheibriados was exalted by your worship.
You were not hungry.

You visited 3 branches of the dungeon, and saw 13 of its levels.

You collected 775 gold pieces.

Inventory:

Hand weapons
 a - a +1,+1 flail (weapon)
 b - a +1,+0 whip of flaming
 z - a +1 blowgun
 S - a +2,+0 whip of venom
Missiles
 c - 188 stones
 k - 29 poisoned needles
 v - 55 sling bullets
 A - 4 throwing nets
 F - 24 tomahawks (quivered)
 L - 7 javelins
Armour
 d - a +2 plate armour (worn)
 e - a +1 cloak of darkness (worn)
 g - a +2 pair of gloves (worn)
 h - a +1 hat (worn)
 i - a +0 large shield (worn)
 j - a +0 plate armour
 q - a +1 robe of cold resistance
Magical devices
 o - a wand of teleportation (1)
 t - a wand of digging (8)
 B - a wand of lightning (4)
 E - a wand of teleportation (4)
 G - a wand of heal wounds (8)
 R - a wand of disintegration (11)
Comestibles
 f - 6 bread rations
 m - 3 beef jerkies
 I - a rotting chunk of iguana flesh
 O - 4 rotting chunks of giant frog flesh
 U - 5 chunks of yak flesh
 W - a chunk of human flesh
Scrolls
 l - a scroll of remove curse
 p - 3 scrolls of teleportation
 x - a scroll of magic mapping
 y - 3 scrolls of identify
 C - a scroll of fog
 K - a scroll of recharging
 M - a scroll of fear
 N - 3 scrolls of blinking
 Q - a scroll of enchant weapon I
Jewellery
 s - an uncursed ring of teleportation
 u - a ring of see invisible (left hand)
 H - a ring of protection from magic (right hand)
 J - the ring "Poeblogh" {rF+ Str-5 Dex-3}
   (You found it on level 5 of the Dungeon)

   [ring of protection from fire]

   It affects your strength (-5).
   It affects your dexterity (-3).
   It protects you from fire.
Potions
 w - 5 potions of curing {unknown}
 D - 3 potions of heal wounds
 P - a potion of confusion {unknown}
 T - a potion of poison {unknown}
 V - a potion of brilliance {unknown}
Magical staves
 n - an uncursed staff of fire
 r - an uncursed staff of cold


   Skills:
 * Level 4.4 Fighting
 - Level 15.0 Maces & Flails
 - Level 2.0 Throwing
 * Level 7.9 Armour
 * Level 7.3 Dodging
 + Level 11.1 Shields
 + Level 6.7 Invocations


You had 11 spell levels left.
You didn't know any spells.

Dungeon Overview and Level Annotations

Branches:
Dungeon (9/15)             Temple (1/1) D:6             Orc (0/4) D:9
   Lair (3/8) D:9
  Swamp: Lair:3-6    Shoals: Lair:3-6     Snake: Lair:3-6    Spider: Lair:3-6

Altars:
Cheibriados
Dithmenos
Elyvilon
Gozag
Kikubaaqudgha
Makhleb
Nemelex Xobeh
Sif Muna
Vehumet

Shops:
D:8 ?

Annotations:
Lair:3 Psyche


Innate Abilities, Weirdness & Mutations

You reflexively headbutt those who attack you in melee.
You have a pair of horns on your head.


Message History

W - a chunk of human flesh A human comes into view.
Psyche shouts!
The human shouts!
Psyche zaps a wand.
The bolt of lightning hits you! The bolt of lightning hits you!
A human comes into view.
Psyche gestures wildly while chanting.
You feel a wave of unholy energy pass over you.
Psyche gestures wildly while chanting.
Psyche seems to speed up.
Psyche casts a spell.
You feel a wave of unholy energy pass over you.
Psyche zaps a wand.
The bolt of lightning hits you! The bolt of lightning hits you!
* * * LOW HITPOINT WARNING * * *
Psyche zaps a wand.
The bolt of lightning hits you!
* * * LOW HITPOINT WARNING * * *
The bolt of lightning hits you!
Psyche zaps a wand.
The bolt of lightning hits you!
You die...

......#..#.##.###
#.......
......#########
#....... .......#
#....... ......##
#.......
.......####
##.....
......#)..## #..
.....#####.######
.....# ##...#.##
.....# ##.#.#@##
..#..# ######.#
####.# #.## ..#
##.# #.. #@.#
#.## .### ..# #@
#.. .p ...


You could see Psyche.

Vanquished Creatures
  Fannar (Lair:2)
  A hydra (D:9)
  Pikel (Temple)
  A black mamba (Lair:2)
  2 spiny frogs
  A komodo dragon (Lair:2)
  2 fire drakes
  Grinder (D:4)
  Prince Ribbit (D:8)
  A basilisk (Lair:2)
  A spriggan (D:7)
  31 yaks
  2 hippogriffs
  6 wolves (Lair:2)
  A human (Lair:3)
  Edmund (D:8)
  4 porcupines
  4 water moccasins
  2 sky beasts
  4 orc warriors
  2 ice beasts (D:8)
  3 slaves (Temple)
  A black bear (D:9)
  A phantom (D:4)
  5 crocodiles
  4 ogres
  Duvessa (D:6)
  3 big kobolds (D:7)
  2 centaurs
  A boring beetle (Lair:3)
  7 giant frogs
  Blork the orc (D:8)
  A gnoll sergeant (D:9)
  A cyclops skeleton (D:7)
  A hippogriff zombie (D:8)
  A scorpion (D:4)
  6 killer bees (D:8)
  6 wights (D:9)
  3 crimson imps
  Dowan (D:6)
  A giant frog zombie (D:8)
  5 hounds
  A goliath beetle (D:6)
  2 jellies
  Crazy Yiuf (D:4)
  3 orc priests
  5 iguanas
  12 orc wizards
  A worker ant (D:5)
  An ogre zombie (D:8)
  A big kobold zombie (D:9)
  17 green rats
  14 adders
  6 gnolls
  2 giant mites
  3 shadow imps
  4 worms
  11 giant geckos
  2 oozes
  48 orcs
  2 ball pythons
  5 giant cockroaches
  18 hobgoblins
  3 jackals (D:6)
  7 quokkas
  13 bats
  A giant gecko skeleton (D:6)
  5 giant newts
  A giant newt skeleton (D:5)
  10 goblins
  24 kobolds
  14 rats
  A fungus (D:4)
363 creatures vanquished.

Vanquished Creatures (others)
  A slave (D:6)
  An orc priest (D:6)
  A shadow imp (D:6)
3 creatures vanquished.

Grand Total: 366 creatures vanquished

Notes
Turn   | Place    | Note
--------------------------------------------------------------
     0 | D:1      | Hector, the Minotaur Gladiator, began the quest for the Orb.
     0 | D:1      | Reached XP level 1. HP: 18/18 MP: 1/1
    50 | D:1      | Reached skill level 4 in Maces & Flails
   251 | D:1      | Reached XP level 2. HP: 25/25 MP: 1/1
   532 | D:2      | Reached skill level 5 in Maces & Flails
   573 | D:2      | Reached XP level 3. HP: 26/30 MP: 2/2
   859 | D:2      | Found a deep blue altar of Sif Muna.
  1303 | D:2      | Reached XP level 4. HP: 33/37 MP: 2/2
  1360 | D:2      | Reached skill level 6 in Maces & Flails
  1654 | D:3      | Found a snail-covered altar of Cheibriados.
  1692 | D:3      | Became a worshipper of Cheibriados the Contemplative
  2178 | D:3      | Reached XP level 5. HP: 39/42 MP: 2/2
  2257 | D:4      | Noticed a phantom
  2385 | D:4      | Killed a phantom
  2385 | D:4      | Reached skill level 7 in Maces & Flails
  2385 | D:4      | Reached skill level 1 in Armour
  2556 | D:4      | Reached XP level 6. HP: 50/50 MP: 3/3
  2633 | D:4      | Reached skill level 1 in Shields
  2947 | D:4      | Found a radiant altar of Vehumet.
  2977 | D:4      | Noticed Grinder
  3000 | D:4      | Paralysed by Grinder for 5 turns
  3015 | D:4      | Killed Grinder
  3015 | D:4      | Reached skill level 8 in Maces & Flails
  3015 | D:4      | Reached XP level 7. HP: 26/56 MP: 3/3
  3319 | D:4      | Noticed Crazy Yiuf
  3329 | D:4      | Killed Crazy Yiuf
  3391 | D:5      | Entered Level 5 of the Dungeon
  3760 | D:5      | Reached skill level 5 in Dodging
  3804 | D:5      | Got a heavily runed pewter ring
  3805 | D:5      | Identified the ring "Poeblogh" {rF+ Str-5 Dex-3} (You found it on level 5 of the Dungeon)
  4274 | D:6      | Found a staircase to the Ecumenical Temple.
  4290 | D:6      | Noticed Pikel
  4290 | Temple   | Entered the Ecumenical Temple
  4543 | Temple   | Killed Pikel
  4543 | Temple   | Reached skill level 9 in Maces & Flails
  4543 | Temple   | Reached XP level 8. HP: 59/62 MP: 3/3
  4557 | D:6      | Acquired Cheibriados' first power
  4874 | D:6      | Reached skill level 5 in Shields
  4881 | D:6      | Reached skill level 10 in Maces & Flails
  4921 | D:6      | Found an opulent altar of Gozag.
  4924 | D:6      | Found a burning altar of Makhleb.
  4925 | D:6      | Found a sparkling altar of Nemelex Xobeh.
  5049 | D:6      | Noticed Dowan
  5070 | D:6      | Killed Dowan
  5089 | D:6      | Noticed Duvessa
  5101 | D:6      | Killed Duvessa
  5158 | D:6      | Reached skill level 5 in Armour
  5443 | D:6      | Acquired Cheibriados' second power
  5736 | D:7      | Reached XP level 9. HP: 68/68 MP: 4/4
  5968 | D:7      | Reached skill level 1 in Invocations
  6164 | D:7      | Acquired Cheibriados' third power
  6354 | D:7      | Upgraded the game from 0.15-a0-1473-g8af576b to 0.15-a0-1501-gfb1f079
  6455 | D:7      | Found a shadowy altar of Dithmenos.
  6695 | D:8      | Found an ancient bone altar of Kikubaaqudgha.
  6718 | D:8      | Noticed Blork the orc
  6730 | D:8      | Killed Blork the orc
  6730 | D:8      | Reached skill level 11 in Maces & Flails
  6918 | D:8      | Found Chextiv's Magic Scroll Shoppe.
  7282 | D:8      | Noticed Prince Ribbit
  7291 | D:8      | Killed Prince Ribbit
  7291 | D:8      | Reached XP level 10. HP: 68/74 MP: 9/9
  7359 | D:8      | Noticed Edmund
  7365 | D:8      | Killed Edmund
  7519 | D:8      | Reached skill level 12 in Maces & Flails
  8033 | D:9      | Noticed a five-headed hydra
  8452 | D:9      | Killed a five-headed hydra
  8455 | D:9      | Found a staircase to the Orcish Mines.
  8665 | D:9      | Found a staircase to the Lair.
  8959 | Lair:1   | Entered Level 1 of the Lair of Beasts
  9069 | Lair:1   | Reached skill level 13 in Maces & Flails
  9576 | Lair:1   | Reached XP level 11. HP: 80/80 MP: 13/13
  9580 | Lair:1   | Reached skill level 10 in Shields
  9590 | Lair:1   | Reached skill level 5 in Invocations
 10103 | Lair:2   | Reached skill level 14 in Maces & Flails
 10829 | Lair:2   | Noticed Fannar
 10840 | Lair:2   | Killed Fannar
 11394 | Lair:3   | Reached skill level 15 in Maces & Flails
 11478 | Lair:3   | Reached XP level 12. HP: 77/92 MP: 16/18
 11525 | Lair:3   | Noticed Psyche
 11599 | Lair:3   | Killed from afar by Psyche

Action                   |  1- 3 |  4- 6 |  7- 9 | 10-12 || total
-------------------------+-------+-------+-------+-------++-------
Melee: Flail             |    67 |   184 |   372 |   486 ||  1109
Throw: Tomahawk          |       |       |    27 |     3 ||    30
Evoke: Wand              |       |       |     2 |     1 ||     3
  Use: Scroll            |       |       |    13 |     5 ||    18
